 Dungeon Crawl Stone Soup version 0.16.0-18-g484a79e (console) character file.

182 gw the Ducker (level 5, -3/29 HPs)
             Began as a Spriggan Air Elementalist on Mar 22, 2015.
             Slain by a phantom (8 damage)
             ... on level 3 of the Dungeon.
             The game lasted 00:02:49 (3369 turns).

gw the Ducker (Spriggan Air Elementalist)           Turns: 3369, Time: 00:02:49

Health: -3/29      AC:  4    Str:  4    XL:     5   Next: 35%
Magic:  3/21       EV: 22    Int: 18    God:
Gold:   137        SH:  0    Dex: 16    Spells: 6 memorised, 1 level left

rFire  . . .     SeeInvis +     b - +1 hunting sling (freeze)
rCold  . . .     Clarity  .     e - +0 robe
rNeg   . . .     SustAb   .     (shield restricted)
rPois  .         Gourm    .     (helmet restricted)
rElec  .         Spirit   .     c - +0 cloak
rCorr  .         Warding  .     (gloves unavailable)
rMut   .         Stasis   .     (boots unavailable)
MR     .....                    (no amulet)
Stlth  +++.......               (no ring)
                                (no ring)

@: very slightly contaminated, repel missiles, very quick, not resistant to
hostile enchantments, fairly stealthy
A: unfitting armour, rugged brown scales 1, see invisible, herbivore 3, speed 3,
slow metabolism 2
a: no special abilities


You were on level 3 of the Dungeon.
You were full.

You visited 1 branch of the dungeon, and saw 3 of its levels.

You collected 137 gold pieces.

Inventory:

Hand weapons
 a - a +0 short sword
 b - a +1 hunting sling of freezing (weapon)
Missiles
 g - 31 stones (quivered)
 j - 23 sling bullets
Armour
 c - a +0 cloak (worn)
 e - a +0 robe (worn)
Scrolls
 d - 2 scrolls of identify
 i - a scroll of immolation
 m - a scroll of remove curse
Potions
 f - a potion of ambrosia
 l - a potion of curing
Books
 k - a book of Air

   Spells                             Type                      Level
   a - Shock                          Conjuration/Air              1
   b - Swiftness                      Charms/Air                   2
   c - Repel Missiles                 Charms/Air                   2
   d - Flight                         Charms/Air                   3
   e - Static Discharge               Conjuration/Air              3
   f - Lightning Bolt                 Conjuration/Air              5
Comestibles
 h - a slice of pizza
 n - a bread ration


   Skills:
 + Level 3.7 Fighting
 + Level 5.0 Short Blades
 + Level 7.4 Dodging
 - Level 3.0 Stealth
 * Level 6.9 Spellcasting
 - Level 0.6 Conjurations
 + Level 7.0 Air Magic


You had one spell level left.
You knew the following spells:

 Your Spells              Type           Power        Failure   Level  Hunger
a - Shock                 Conj/Air       ###.         1%          1    None
b - Swiftness             Chrm/Air       ###.....     4%          2    None
c - Repel Missiles        Chrm/Air       ###...       4%          2    None
d - Flight                Chrm/Air       ###.......   10%         3    ##.....
e - Static Discharge      Conj/Air       ###.....     10%         3    ##.....
f - Lightning Bolt        Conj/Air       ###.......   67%         5    #####..


Dungeon Overview and Level Annotations

Branches:
Dungeon (3/15)

Altars:
Nemelex Xobeh


Innate Abilities, Weirdness & Mutations

You are tiny and cannot use many weapons and most armour.
You have supernaturally acute eyesight.
You are a herbivore.
You cover ground extremely quickly.
You need consume almost no food.
You are partially covered in rugged brown scales (AC +1, +3% HP).


Message History

Confirm with . or Enter, or press ? or * to list all spells.
Aiming: Shock
Press: ? - help, Shift-Dir - straight line, f/p - phantom
Aim: a phantom (severely damaged)
The zap hits the phantom.
The phantom is severely damaged.
The phantom completely misses you.
Unknown command.
Unknown command.
Unknown command.
Unknown command.
Casting: Shock
Confirm with . or Enter, or press ? or * to list all spells.
Aiming: Shock
Press: ? - help, Shift-Dir - straight line, f/p - phantom
Aim: a phantom (severely damaged)
The zap hits the phantom.
The phantom is severely damaged.
The phantom hits you!
You die...

### W. #.## #..#
#.##
####..###########
#i....%.........##
#W###..########...
#.# ##.########...
... !............
.... ....#.........
.##.......#.####....
#+ #...S....
#)...<##
.........##.##.##
##. ..# #. ...


You could see a phantom.

Table legend:
 A = Turns spent in this place as a percentage of turns spent in the entire game.
 B = Non-inter-level travel turns spent in this place as a percentage of non-inter-level travel turns spent in the entire game.
 C = Inter-level travel turns spent in this place as a percentage of turns spent in this place.
 D = Turns resting spent in this place as a percentage of non-inter-level travel turns spent in this place.
 E = Turns spent auto-exploring this place as a percentage of non-inter-level travel turns spent in this place.
 F = Non-inter-level travel turns spent in this place divided by the number of levels of this place that you've seen.
                   A       B       C       D       E      F
               +-------+-------+-------+-------+-------+----------------------
         Total | 100.0 | 100.0 |   0.1 |   3.5 |   2.7 | 1203.7
       Dungeon | 100.0 | 100.0 |   0.1 |   3.5 |   2.7 | 1203.7
               +-------+-------+-------+-------+-------+----------------------

Table legend:
 A = Kills in this place as a percentage of kills in entire the game.
 B = Kills by you in this place as a percentage of kills by you in the entire game.
 C = Kills by friends in this place as a percentage of kills by friends in the entire game.
 D = Other kills in this place as a percentage of other kills in the entire game.
 E = Experience gained in this place as a percentage of experience gained in the entire game.
 F = Experience gained in this place divided by the number of levels of this place that you have seen.
                   A       B       C       D       E      F
               +-------+-------+-------+-------+-------+----------------------
         Total | 100.0 | 100.0 |  -nan |  -nan | 100.0 |  46.7
       Dungeon | 100.0 | 100.0 |  -nan |  -nan | 100.0 |  46.7
               +-------+-------+-------+-------+-------+----------------------

Vanquished Creatures
  2 adders (D:2)
  A giant mite (D:3)
  A worm (D:2)
  2 giant geckos (D:2)
  3 giant cockroaches (D:2)
  13 goblins
  4 hobgoblins
  11 kobolds
  A quokka (D:2)
  6 bats
  3 giant newts (D:2)
  9 jackals
  3 rats (D:2)
59 creatures vanquished.

Notes
Turn   | Place    | Note
--------------------------------------------------------------
     0 | D:1      | gw, the Spriggan Air Elementalist, began the quest for the Orb.
     0 | D:1      | Reached XP level 1. HP: 9/9 MP: 4/4
   564 | D:1      | Reached XP level 2. HP: 13/13 MP: 3/8
   611 | D:1      | Learned a level 2 spell: Swiftness
   614 | D:1      | Learned a level 2 spell: Repel Missiles
   888 | D:1      | Found a sparkling altar of Nemelex Xobeh.
  1535 | D:1      | Gained mutation: You are partially covered in rugged brown scales (AC +1, +3% HP). [potion of beneficial mutation]
  1639 | D:2      | Reached XP level 3. HP: 16/16 MP: 6/11
  1716 | D:2      | Learned a level 3 spell: Flight
  2093 | D:2      | Reached skill level 1 in Short Blades
  2572 | D:2      | Reached skill level 4 in Spellcasting
  2625 | D:2      | Reached XP level 4. HP: 21/21 MP: 12/15
  2650 | D:2      | Learned a level 3 spell: Static Discharge
  3213 | D:2      | Reached skill level 5 in Short Blades
  3213 | D:2      | Reached skill level 7 in Dodging
  3213 | D:2      | Reached XP level 5. HP: 24/29 MP: 17/21
  3275 | D:2      | Learned a level 5 spell: Lightning Bolt
  3345 | D:3      | Noticed a phantom
  3369 | D:3      | Slain by a phantom

Action                   |  1- 3 |  4- 6 || total
-------------------------+-------+-------++-------
Melee: Club              |    23 |       ||    23
       Short sword       |    11 |       ||    11
 Cast: Shock             |   132 |    38 ||   170
       Repel Missiles    |     2 |     1 ||     3
       Static Discharge  |       |     1 ||     1
  Use: Potion            |     4 |     3 ||     7
       Scroll            |     4 |     2 ||     6
  Eat: Bread ration      |     1 |       ||     1

Vault maps used:
D:1:      dpeg_arrival_long_road, minivault_19, nemelex_deck
D:2:      kennysheep_the_goblin_king
D:3:      gammafunk_temple_overflow_statue, lemuel_round_altar, first_bread,
          eino_tiny_chamber, uniq_robin
